 Dungeon Crawl Stone Soup version 0.23.2-1-ga50397a (webtiles) character file.

Game seed: 18263188315211150867

164 Borgoz the Ruffian (level 5, -1/45 HPs)
             Began as a Ghoul Monk on May 24, 2019.
             Was a Believer of Ashenzari.
             Slain by an iron imp (3 damage)
             ... summoned by Eustachio
             ... on level 4 of the Dungeon.
             The game lasted 00:04:12 (2659 turns).

Borgoz the Ruffian (Ghoul Monk)                     Turns: 2659, Time: 00:04:12

Health: -1/45      AC:  6    Str: 11 (16) XL:     5   Next: 45%
Magic:  4/4        EV:  7    Int:  1 (5)  God:    Ashenzari [**....]
Gold:   122        SH:  7    Dex:  4 (11) Spells: 4/4 levels left

rFire    . . .     SeeInvis .     - Unarmed
rCold    + . .     Gourm    .   g - +2 shield
rNeg     + + +     Faith    .   d - +0 ring mail (curse)
rPois    ∞         Spirit   .   (no helmet)
rElec    .         Reflect  .   n - +0 cloak
rCorr    .         Harm     .   (no gloves)
MR       .....                  (no boots)
Stlth    +.........             (no amulet)
HPRegen  0.00/turn              (no ring)
MPRegen  0.09/turn              (no ring)

@: rotting
A: rotting body, claws 1, carnivore, cold resistance 1, negative energy
resistance 3, inhibited regeneration, torment resistance, unbreathing
a: Curse Item, Scrying, Renounce Religion


You were on level 4 of the Dungeon.
You worshipped Ashenzari.
Ashenzari was pleased with you.
You were not hungry.

You visited 1 branch of the dungeon, and saw 4 of its levels.

You collected 122 gold pieces.

Inventory:

Armour
 d - a cursed +0 ring mail (worn)
 g - a +2 shield (worn)
 n - a +0 cloak (worn)
Wands
 k - a wand of disintegration (11)
Scrolls
 e - 2 scrolls of teleportation {unknown}
 h - 7 scrolls of identify {unknown}
 l - 3 scrolls of enchant armour {unknown}
 m - a scroll of magic mapping {unknown}
 p - 2 scrolls of remove curse
 q - a scroll of fear {unknown}
Potions
 f - a potion of degeneration
Comestibles
 b - 6 rations


   Skills:
 + Level 3.5 Fighting
 * Level 1.6 Armour
 * Level 3.4 Dodging
 - Level 3.4 Stealth
 * Level 4.7 Unarmed Combat
 + Level 0.1 Evocations


You had 4 spell levels left.
You didn't know any spells.
Your spell library was empty.

Dungeon Overview and Level Annotations

Branches:
Dungeon (4/15)
 Temple: D:4-7

Altars:
Ashenzari
Kikubaaqudgha
Okawaru
The Shining One

Annotations:
D:4 Eustachio


Innate Abilities, Weirdness & Mutations

Your body is rotting away.
You thrive on raw meat.
You are immune to poison.
You have sharp fingernails.
You are carnivorous and can eat meat at any time.
Your flesh is cold resistant. (rC+)
You are immune to negative energy. (rN+++)
You do not regenerate when monsters are visible.
You are immune to unholy pain and torment.
You can survive without breathing.


Message History

The quokka is severely wounded.
You block the quokka's attack.
You closely miss the quokka.
The quokka is severely wounded.
The quokka bites you.
* * * LOW HITPOINT WARNING * * *
You scratch the quokka.
You kill the quokka!
The quokka's corpse disappears in a puff of smoke!
You closely miss the iron imp.
Eustachio mumbles some strange words.
The iron imp barely misses you.
You scratch the iron imp but do no damage.
The iron imp hits you!
* * * LOW HITPOINT WARNING * * *
You barely miss the iron imp.
Eustachio gestures wildly while chanting.
The iron imp puffs mist at you. The iron imp hits you.
You die...

###** * #.., > , , #.#**
* * #.# , ##########.# ,
, ......5.5#.####
#..5..5@r{...# *
#.#####5#§##.###########
** #@#.##............ *
#.#.##.##########. ,
#...##.##*#.#####. *
*,,, .#####.#..,#......
** * . * *#.# .###.....
#. , ..# .#.####. , , ,
#. * #.# #. #. , #.
....##.### #. *
#.##.....###.


You could see Eustachio, an iron imp, 2 white imps, an ufetubus and a quokka.

Vanquished Creatures
  A crimson imp (D:3)
  4 adders (D:2)
  4 worms
  2 dart slugs
  A leopard gecko (D:3)
  2 orcs (D:3)
  2 giant cockroaches
  9 goblins
  8 hobgoblins
  6 jackals
  9 kobolds
  2 quokkas
  8 bats
  6 frilled lizards
  10 rats
74 creatures vanquished.

Notes
Turn   | Place    | Note
-------+----------+-------------------------------------------
     0 | D:1      | Borgoz the Ghoul Monk began the quest for the Orb.
     0 | D:1      | Reached XP level 1. HP: 19/19 MP: 0/0
   170 | D:1      | Reached XP level 2. HP: 23/26 MP: 1/1
   571 | D:1      | Reached XP level 3. HP: 20/31 MP: 2/2
   609 | D:1      | Reached skill level 1 in Armour
   800 | D:1      | Reached skill level 4 in Unarmed Combat
  1013 | D:2      | Reached XP level 4. HP: 23/38 MP: 3/3
  1058 | D:2      | Found a faded altar of an unknown god.
  1407 | D:2      | Found a glowing golden altar of the Shining One.
  1838 | D:3      | Reached XP level 5. HP: 45/45 MP: 4/4
  2040 | D:3      | Found an ancient bone altar of Kikubaaqudgha.
  2040 | D:3      | Found a shattered altar of Ashenzari.
  2040 | D:3      | Found an iron altar of Okawaru.
  2045 | D:3      | Became a worshipper of Ashenzari the Shackled
  2045 | D:3      | Reached * piety under Ashenzari
  2045 | D:3      | Reached ** piety under Ashenzari
  2563 | D:4      | Noticed Eustachio
  2658 | D:4      | HP: 2/45 [iron imp[Eustachio] (7)]
  2659 | D:4      | Slain by an iron imp

Skill      XL: |  1  2  3  4 |
---------------+-------------+-----
Dodging        | 3 |  3.4
Armour         | 1 |  1.6
Unarmed Combat | 4 |  4.7
Stealth        | 3 |  3.4
Fighting       | |  3.5
Evocations     | |  0.1

Action                   |  1- 3 |  4- 6 || total
-------------------------+-------+-------++-------
Melee: Unarmed           |   166 |   198 ||   364
       Punch             |     2 |       ||     2
  Use: Potion            |       |     7 ||     7
 Stab: Sleeping          |     1 |     4 ||     5
       Distracted        |     1 |       ||     1
  Eat: Chunk             |     5 |     5 ||    10
Armor: Ring mail         |    65 |   107 ||   172
Dodge: Dodged            |    80 |    83 ||   163
Block: Shield            |    36 |    88 ||   124
